 Dungeon Crawl Stone Soup version 0.30-a0-924-g0ad0bf95bc (webtiles) character file.

Game seed: 6402750695187477191

16 Zdeegee the Grave Robber (level 2, -1/20 HPs)
             Began as a Human Necromancer on Mar 22, 2023.
             Slain by a jackal (2 damage)
             ... on level 1 of the Dungeon.
             The game lasted 00:01:43 (475 turns).

Zdeegee the Grave Robber (Human Necromancer)         Turns: 475, Time: 00:01:44

Health: -1/20      AC:  2    Str:  8    XL:     2   Next: 75%
Magic:  2/5        EV: 12    Int: 15    God:
Gold:   0          SH:  0    Dex: 13    Spells: 4/5 levels left

rFire   . . .      SeeInvis .    (no weapon)
rCold   . . .      Faith    .    (no shield)
rNeg    . . .      Spirit   .    a - +0 robe
rPois   .          Reflect  .    (no helmet)
rElec   .          Rampage  .    (no cloak)
rCorr   .                        (no gloves)
Will    .....                    (no boots)
Stlth   ++                       (no amulet)
HPRegen 0.23/turn                (no ring)
MPRegen 0.09/turn                (no ring)

@: no status effects
A: no striking features
a: no special abilities


You were on level 1 of the Dungeon.
You visited 1 branch of the dungeon, and saw 1 of its levels.

Inventory:

Armour
 a - a +0 robe (worn)
Potions
 b - a potion of magic


   Skills:
 * Level 0.6 Fighting
 * Level 0.1 Armour
 * Level 2.1 Dodging
 + Level 2.3 Stealth
 * Level 2.1 Spellcasting
 * Level 4.2 Necromancy


You had 4 spell levels left.
You knew the following spells:

 Your Spells              Type           Power      Damage    Failure   Level
a - Necrotise             Necr           56%        1d6       3%          1

Your spell library contained the following spells:

 Spells                   Type           Power      Damage    Failure   Level
 Sublimation of Blood     Necr           14%        N/A       6%          2
 Vampiric Draining        Necr           14%        2d7       12%         3
 Animate Dead             Necr           14%        N/A       36%         4
 Petrify                  Tmut/Erth      1%         N/A       91%         4
 Agony                    Necr           14%        N/A       71%         5
 Irradiate                Conj/Tmut      0%         3d11      99%         5


Dungeon Overview and Level Annotations

Branches:
Dungeon (1/15)

Altars:


Message History

You are frozen.
* * * LOW HITPOINT WARNING * * *
The endoplasm barely misses you.
The jackal bites you but does no damage.
The endoplasm closely misses you.
Unknown command.
You aren't carrying any scrolls.
You aren't carrying any scrolls.
It was a potion of curing.
You feel better.
The jackal bites you but does no damage.
The endoplasm closely misses you. The endoplasm barely misses you.
The jackal attacks as you move away! The jackal closely misses you.
Found a scroll labelled SANWAE VIEFF.
The endoplasm hits you but does no damage.
The jackal completely misses you. The endoplasm closely misses you.
Found a glowing mace.
The endoplasm freezes you.
You are frozen.
* * * LOW HITPOINT WARNING * * *
A quokka comes into view.
The jackal attacks as you move away! The jackal completely misses you.
The jackal closely misses you. The endoplasm attacks as you move away!
The endoplasm barely misses you. The endoplasm attacks as you move away!
The endoplasm hits you.
* * * LOW HITPOINT WARNING * * *
The jackal attacks as you move away!
The jackal bites you but does no damage.
The jackal misses you. The quokka barely misses you.
The jackal attacks as you move away!
The jackal bites you but does no damage.
The quokka bites you but does no damage.
The quokka attacks as you move away! The quokka bites you.
* * * LOW HITPOINT WARNING * * *
The jackal attacks as you move away! The jackal misses you.
The jackal bites you.
* * * LOW HITPOINT WARNING * * *
The jackal attacks as you move away!
The jackal bites you but does no damage.
The jackal bites you.
You die...

.....$...# ##.##.....#######.
......#..####.#####......###.
###.....l.?##.#.....####.....
#.....g..##.#.....# ####..
#.....B..##.#.....# ##.
##.....####.#.....# #.
#...J.# #.+.....# #.
##....J######....## #.
........Jrh@......# ##
###..)...######....
.........# . ###...#### .....
######


You could see 2 endoplasms, a quokka and a jackal.

Vanquished Creatures
  A dart slug (D:1)
  3 ball pythons (D:1)
  2 endoplasms (D:1)
  A hobgoblin (D:1)
  3 jackals (D:1)
  A kobold (D:1)
11 creatures vanquished.

Vanquished Creatures (collateral kills)
  A hobgoblin (D:1)
1 creature vanquished.

Grand Total: 12 creatures vanquished

Notes
Turn   | Place    | Note
-------+----------+-------------------------------------------
     0 | D:1      | Zdeegee the Human Necromancer began the quest for the Orb.
     0 | D:1      | Reached XP level 1. HP: 13/13 MP: 3/3
   106 | D:1      | Reached XP level 2. HP: 13/19 MP: 1/5
   472 | D:1      | HP: 1/20 [quokka (4)]
   475 | D:1      | Slain by a jackal

Illustrated notes

Levels and vault maps discovered:
D:1:      lightli_arrival_statuegarden, layout_basic, minmay_octomino_c4

Action                     || total
---------------------------++-------
  Melee: Unarmed           ||    44
         Punch             ||     1
   Cast: Necrotise         ||    22
    Use: Potion            ||     2
 Armour: Robe              ||    12
  Dodge: Dodged            ||    64

Table legend: (Time is in decaauts)
 A = Elapsed time spent in this place.
 B = Non-inter-level travel time spent in this place.
 C = Inter-level travel time spent in this place.
 D = Time resting spent in this place.
 E = Time spent auto-exploring this place.
 F = Levels seen in this place.
 G = Mean time per level.
                   A        B        C        D        E       F      G
               +--------+--------+--------+--------+--------+-----+--------+
         Total |    475 |    475 |      0 |     20 |    295 |   1 |  475.0 |
       Dungeon |    475 |    475 |      0 |     20 |    295 |   1 |  475.0 |
               +--------+--------+--------+--------+--------+-----+--------+

Top non-repeatable levels by time:
     D:1: 475 daAuts
